 Dungeon Crawl Stone Soup version 0.18-a0-1782-gb76a692 (webtiles) character file.

2071080 Moloch the Sensei (level 27, 260/260 HPs)
             Began as a Red Draconian Fighter on Apr 16, 2016.
             Was the Champion of Zin.
             Escaped with the Orb
             ... and 4 runes on Apr 17, 2016!
             The game lasted 07:56:06 (89106 turns).

Moloch the Sensei (Red Draconian Fighter)          Turns: 89106, Time: 07:56:07

Health: 260/260    AC: 24    Str: 23    XL:     27
Magic:  51/51      EV: 36    Int: 15    God:    Zin [******]
Gold:   3376       SH: 16    Dex: 30    Spells: 8 memorised, 18 levels left

rFire  + + +     SeeInvis +       - Unarmed
rCold  . . .     Gourm    .     (armour unavailable)
rNeg   + + .     Faith    .     a - +0 shield {reflect}
rPois  +         Spirit   +     S - +2 hat of the Bear Spirit {Spirit, +Rage rN+ MR++}
rElec  .         Dismiss  .     u - +2 cloak {MR+}
rCorr  .         Reflect  +     o - +2 pair of gloves {Str+3}
SustAt .         Harm     .     f - +2 pair of boots of the Valley of Death {rPois SInv}
MR     +++++                    N - amulet of Incredulity {Regen+ Int+5}
Stlth  ++........               U - ring of Xom's Full Attention {+Fly rF++ rN+}
                                W - ring of Doonev {*Drain rPois rF+ MP+9 Dex+9}

@: almost entirely resistant to hostile enchantments, unstealthy
A: breathe fire, unfitting armour, fire resistance 1, cold-blooded, AC +13
a: Breathe Fire, Recite, Vitalisation, Imprison, Sanctuary, Donate Gold, Cure
All Mutations, Renounce Religion, Evoke Berserk Rage, Evoke Flight
0: Orb of Zot
}: 4/15 runes: barnacled, silver, abyssal, gossamer


You escaped.
You worshipped Zin.
Zin was exalted by your worship.
You were not hungry.

You visited 11 branches of the dungeon, and saw 55 of its levels.
You visited Pandemonium 1 time, and saw 2 of its levels.
You visited the Abyss 3 times.
You also visited: Sewer, Bailey, Ice Cave and Volcano.

You collected 9179 gold pieces.
You spent 3362 gold pieces at shops.
You donated 2441 gold pieces to Zin.

Inventory:

Missiles
 w - 23 throwing nets (quivered)
Armour
 a - a +0 shield of reflection (worn)
 d - a +2 shield of fire resistance
 f - the +2 pair of boots of the Valley of Death (worn) {rPois SInv}
   (You acquired it on level 7 of the Lair of Beasts)

   It protects you from poison.
   It lets you see invisible.
 n - the +0 cloak of Jigsaw {Regen+ MP+9 Int+3 Slay-5 SInv}
   (You found it on level 5 of the Vaults)

   It affects your intelligence (+3).
   It affects your accuracy and damage with ranged weapons and melee attacks
   (-5).
   It affects your magic capacity (+9).
   It lets you see invisible.
   It increases your rate of regeneration.
 o - a +2 pair of gloves of strength (worn)
 u - a +2 cloak of magic resistance (worn)
 K - the +2 hat of the Bagpipe {rF+ Dex+3 SInv}
   (Okawaru gifted it to you on level 14 of the Dungeon)

   It affects your dexterity (+3).
   It protects you from fire.
   It lets you see invisible.
 S - the +2 hat of the Bear Spirit (worn) {Spirit, +Rage rN+ MR++}
   (You found it on level 3 of the Elven Halls)

   It protects you from negative energy.
   It affects your resistance to hostile enchantments.
   It lets you go berserk.
 T - the +0 pair of boots of Mud Esu {rElec MR+ Slay+2}
   (Okawaru gifted it to you on level 4 of the Shoals)

   It affects your accuracy and damage with ranged weapons and melee attacks
   (+2).
   It insulates you from electricity.
   It affects your resistance to hostile enchantments.
Jewellery
 e - an uncursed ring of resist corrosion
 h - the ring "Kiemajuc" {rF+ rN+ Str+7}
   (You found it on level 3 of the Crypt)

   [ring of positive energy]

   It affects your strength (+7).
   It protects you from fire.
   It protects you from negative energy.
 m - the ring "Lyucsiazu" {rPois rC+ rN+}
   (You found it on level 3 of the Crypt)

   [ring of positive energy]

   It protects you from cold.
   It protects you from poison.
   It protects you from negative energy.
 q - an uncursed ring of wizardry
 C - the ring of Idealism {rC++ MR- MP+9 Str+4 Int-3}
   (You found it on level 2 of the Crypt)

   [ring of intelligence]

   It affects your strength (+4).
   It affects your intelligence (-3).
   It greatly protects you from cold.
   It affects your resistance to hostile enchantments.
   It affects your magic capacity (+9).
 N - the amulet of Incredulity (around neck) {Regen+ Int+5}
   (You found it on level 2 of the Depths)

   [amulet of regeneration]

   It affects your intelligence (+5).
   It increases your rate of regeneration.
 U - the ring of Xom's Full Attention (right hand) {+Fly rF++ rN+}
   (You took it off a deep elf elementalist on level 3 of the Elven Halls)

   [ring of flight]

   It greatly protects you from fire.
   It protects you from negative energy.
   It lets you fly.
 W - the ring of Doonev (left hand) {*Drain rPois rF+ MP+9 Dex+9}
   (You found it on level 3 of the Crypt)

   [ring of poison resistance]

   It affects your dexterity (+9).
   It protects you from fire.
   It protects you from poison.
   It affects your magic capacity (+9).
   It causes draining when unequipped.
Wands
 t - a wand of heal wounds (4/9)
 v - a wand of heal wounds (5/9)
 G - a wand of digging (9/24)
 Z - a wand of teleportation (6/9)
Scrolls
 l - 8 scrolls of fear
 r - 19 scrolls of identify
 s - 3 scrolls of holy word
 x - 9 scrolls of recharging
 y - 8 scrolls of blinking
 z - 17 scrolls of remove curse
 A - 4 scrolls of teleportation
 B - 2 scrolls of silence
 H - 3 scrolls of enchant armour
 I - a scroll of summoning
 J - 6 scrolls of fog
 P - 7 scrolls of enchant weapon
 Y - 5 scrolls of magic mapping
Potions
 b - 8 potions of might
 i - 23 potions of curing
 j - 5 potions of brilliance
 p - 5 potions of haste
 F - 3 potions of invisibility
 L - a potion of cure mutation
 M - 3 potions of agility
 O - 2 potions of berserk rage
 V - a potion of magic
Miscellaneous
 g - an ornate deck of summoning {the Dance}
 E - 3 phantom mirrors
Comestibles
 c - 30 bread rations
 k - 26 meat rations


   Skills:
 + Level 23.7 Fighting
 + Level 20.7 Dodging
 - Level 13.9 Stealth
 - Level 16.0 Shields
 + Level 24.4 Unarmed Combat
 - Level 15.5 Spellcasting
 - Level 4.5 Hexes
 - Level 12.8 Charms
   Level 3.8 Necromancy
 - Level 4.0 Translocations
 - Level 12.2 Air Magic
 * Level 14.6 Invocations


You had 18 spell levels left.
You knew the following spells:

 Your Spells              Type           Power        Failure   Level  Hunger
a - Blink                 Tloc           N/A          1%          2    None
b - Apportation           Tloc           ###.......   1%          1    None
c - Controlled Blink      Tloc           N/A          100%        8    #######
d - Tornado               Air            #####.....   100%        9    #######
e - Song of Slaying       Chrm           ######..     1%          2    None
f - Haste                 Chrm           ######..     6%          6    ######.
g - Deflect Missiles      Chrm/Air       #####.....   8%          6    ######.
h - Silence               Hex/Air        #####.....   6%          5    ####...


Dungeon Overview and Level Annotations

Branches:
Dungeon (15/15)            Temple (1/1) D:5            Lair (8/8) D:10
 Shoals (4/4) Lair:6       Spider (4/4) Lair:6        Slime (0/6) Lair:8
    Orc (2/2) D:12            Elf (3/3) Orc:2        Vaults (5/5) D:14
  Crypt (3/3) Vaults:2       Tomb (0/3) Crypt:3      Depths (5/5) D:15
    Zot (5/5) Depths:5

Altars:
Ashenzari
Cheibriados
Dithmenos
Elyvilon
Fedhas
Gozag
Kikubaaqudgha
Makhleb
Nemelex Xobeh
Okawaru
Pakellas
Qazlal
Ru
Sif Muna
Trog
Vehumet
Xom
Yredelemnul
Zin
The Shining One
Jiyva

Shops:
D:13 !   Orc:2 ::*[(   Shoals:1 (   Vaults:3 :   Vaults:5 *   Depths:5 *

Portals:
Hell: Depths:1 Depths:2 Depths:3 Depths:4 Depths:5
Abyss: Depths:4
Pandemonium: Depths:3
Ziggurat: Depths:2

Annotations:
D:9 skk's ghost, novice DrFi
Shoals:4 exclusion: Roxanne, Roxanne
Depths:5 2 runed doors


Innate Abilities, Weirdness & Mutations

You can breathe blasts of fire.
Your fiery red scales are hard (AC +13).
Your body does not fit into most forms of armour.
Your flesh is heat resistant.
You are cold-blooded and may be slowed by cold attacks.


Message History

You have no mutations to cure!
Okay, then.
Casting: Haste
Confirm with . or Enter, or press ? or * to list all spells.
Okay, then.
Drink which item? (? for menu, Esc to quit)
You feel better.
Drink which item? (? for menu, Esc to quit)
You feel better.
Drink which item? (? for menu, Esc to quit)
You feel much better.
You can't go up here!
You are starting to lose your buoyancy.
You float gracefully downwards.
Your magical contamination has completely faded away.
You see here a club.
A rust devil comes into view.
There is an open door here.
There is a staircase leading out of the dungeon here.
You have escaped!

#####.## #...#.# #... .......#
#...#.# #... #......# #####.#
#... .......# ###)# #.#.
#####'##### ### ##.#.# #.#. # #.#
#.### #.# ###.##.###.#. # #.#
##..####'####..##....#.## # #)#
###..'...'..####..#.#.## # #.#
####.@.#### #..#.#.## ## #.#
###..'...'..####..#.#.## .####.#
##..####'####..##..#.#.## ....#.#
#.### #.# #####..#.#.##
......##########.#########.#.#.##
.##.####.........#...........#.#
.##.# ##.#######...#######.###.#
.##.# #........###.# #.# #.#
รท##.#####......###.#######.# #.#


There were no monsters in sight!

Vanquished Creatures
  8 ancient liches
  An orb of fire (Zot:5)
  Mennas (Depths:4)
  Mara (Shoals:4)
  Boris (Vaults:4)
  Margery (Depths:4)
  Norris (Vaults:3)
  4 Killer Klowns (Zot:5)
  9 golden dragons
  Xtahua (Vaults:4)
  Jory (Vaults:5)
  3 bone dragons
  A Brimstone Fiend (Pan)
  Arachne (Spider:2)
  3 hellephants (Abyss:3)
  2 electric golems (Zot:5)
  Jorgrun (Vaults:3)
  23 Orb Guardians
  2 quicksilver dragons
  9 tentacled monstrosities
  4 Hell Sentinels
  Asterion (Elf:1)
  7 deep elf blademasters
  3 deep elf master archers
  5 liches
  2 krakens (Shoals:1)
  10 titans
  The ghost of nubinia the Eclecticist, an adept GrVM of Sif Muna (Shoals:4)
  6 sphinxes
  8 tentacled starspawn
  2 ancient champions
  Frances (D:13)
  4 death cobs (Zot:5)
  5 revenants
  2 draconian monks
  9 storm dragons
  4 tengu reavers
  9 shadow dragons
  Wiglaf (Vaults:4)
  Ilsuiw (Shoals:3)
  Kirke (D:14)
  23 frost giants
  Maud (Lair:7)
  A balrug (Abyss:3)
  An orc warlord (Orc:2)
  24 fire giants
  23 vault wardens
  2 draconian knights
  Louise (Shoals:1)
  An emperor scorpion (Spider:3)
  Donald (Spider:3)
  7 ghost moths
  2 iron dragons
  A cacodemon (Pan)
  7 deep elf sorcerers
  A curse skull (Crypt:3)
  3 reapers
  Aizul (Elf:2)
  3 draconian shifters
  3 draconian annihilators
  12 ironheart preservers
  A deep elf elementalist (Elf:3)
  A spriggan defender (Depths:4)
  2 draconian callers (Zot:5)
  A ghoul (Vaults:1)
  33 very ugly things
  3 war gargoyles (Crypt:3)
  29 stone giants
  2 green draconians (Zot:5)
  5 deep elf demonologists
  5 vampire knights
  6 black draconians
  9 white draconians
  Azrael (D:15)
  5 salamander stormcallers
  6 purple draconians
  4 deep elf annihilators
  3 red draconians
  5 yellow draconians
  14 spark wasps
  Snorg (D:14)
  5 dire elephants
  14 deep elf death magi
  4 mottled draconians
  17 ettins
  3 merfolk javelineers
  5 eidola
  A green death (Pan)
  13 fire dragons
  16 merfolk impalers
  35 vault guards
  6 great orbs of eyes
  8 jiangshi
  3 quicksilver dragon zombies
  9 entropy weavers
  9 rakshasas
  4 deep elf high priests
  18 yaktaur captains
  10 hydras
  18 ice dragons
  A quicksilver dragon skeleton (Crypt:1)
  The ghost of simok the Cleaver, a journeyman DDWn of Makhleb (D:11)
  A ghost crab (Abyss:3)
  A monstrous demonspawn (Pan)
  Erica (D:8)
  An anaconda (shapeshifter) (Vaults:1)
  6 merfolk avatars
  4 catoblepae
  8 centaur warriors
  4 spriggan air magi
  5 death knights
  4 merfolk aquamancers
  An anaconda (Depths:5)
  11 ogre magi
  3 alligator snapping turtles
  Erolcha (D:13)
  5 satyrs
  32 dancing weapons
  4 deep troll shamans
  14 thrashing horrors
  8 tengu warriors
  5 deep troll earth magi
  A titan zombie (Crypt:1)
  14 death yaks
  4 spriggan berserkers
  2 shock serpents (Depths:5)
  3 hell hogs
  4 orc high priests (Orc:2)
  7 vampire magi
  33 deep elf knights
  4 fire crabs
  18 hell knights
  5 soul eaters
  9 wretched stars
  4 shadow wraiths
  15 skeletal warriors
  A fire crab (shapeshifter) (Vaults:4)
  2 anaconda zombies
  A salamander mystic (Vaults:5)
  2 iron trolls
  A gelid demonspawn (Pan)
  3 spatial maelstroms (Abyss:1)
  A golden dragon zombie (Depths:1)
  4 giant orange brains
  A shadow demon (D:11)
  11 sea snakes
  20 deep elf archers
  2 unseen horrors
  An unseen horror (shapeshifter) (Depths:4)
  A naga ritualist (Depths:5)
  A death drake (shapeshifter) (Vaults:3)
  9 deep trolls
  12 starcursed masses
  8 flayed ghosts
  A hill giant (shapeshifter) (Vaults:5)
  7 hill giants
  A lindwurm (Lair:5)
  19 ironbrand convokers
  Pikel (D:8)
  A putrid demonspawn (Pan)
  15 orc knights
  16 harpies
  An orb spider (shapeshifter) (Depths:3)
  43 ugly things
  22 phantasmal warriors
  A fire giant zombie (Abyss:1)
  A stone giant zombie (Abyss:3)
  7 cyclopes
  11 necromancers
  3 shadow dragon skeletons
  2 wizards
  20 orb spiders
  9 orc sorcerers
  9 hornets
  A golden dragon skeleton (Crypt:2)
  8 manticores
  13 griffons
  7 salamanders
  40 wolf spiders
  78 deep elf magi
  13 elephants
  7 fauns
  3 sixfirhies
  20 large abominations
  2 frost giant skeletons
  14 moths of wrath
  12 sirens
  4 worldbinders
  7 black mambas
  A guardian serpent (Abyss:1)
  15 vault sentinels
  A spriggan zombie (Depths:1)
  An octopode (shapeshifter) (Vaults:5)
  8 fire giant skeletons (Crypt:3)
  A stone giant skeleton (Abyss:3)
  7 water nymphs
  5 torpor snails
  2 apocalypse crabs (Abyss:3)
  2 molten gargoyles (Volcano)
  2 ice statues (IceCv)
  A rust devil (Depths:2)
  7 smoke demons
  4 gargoyles (Crypt:3)
  6 hellions
  4 orange demons
  A storm dragon simulacrum (Crypt:2)
  16 spiny frogs
  An elephant slug zombie (Crypt:1)
  37 yaktaurs
  A komodo dragon (shapeshifter) (Vaults:4)
  A tormentor (Zot:3)
  12 freezing wraiths
  5 rime drakes
  2 rime drakes (shapeshifter)
  11 komodo dragons
  3 tengu conjurers (Depths:3)
  A yaktaur (shapeshifter) (Vaults:4)
  13 demonic crawlers
  2 hellwings
  2 hydra zombies
  3 ancient zymes (Abyss:3)
  13 wind drakes
  37 merfolk
  2 polar bears
  4 trolls
  A queen bee (shapeshifter) (Vaults:2)
  A queen bee (Lair:7)
  Prince Ribbit (D:8)
  31 jumping spiders
  19 two-headed ogres
  17 raiju
  A wind drake (shapeshifter) (Depths:1)
  A two-headed ogre (shapeshifter) (Elf:2)
  A hornet zombie (D:15)
  25 blink frogs
  A snapping turtle (shapeshifter) (Depths:1)
  5 boulder beetles
  2 ettin zombies
  27 slime creatures
  10 ynoxinuls
  9 snapping turtles
  20 air elementals
  85 redbacks
  11 vampires
  37 tarantellas
  19 wraiths
  12 flying skulls
  25 water elementals
  9 shadows
  2 spriggans (shapeshifter)
  A spriggan (Depths:3)
  8 fire dragon skeletons (Crypt:3)
  6 hogs (D:14)
  30 yaks
  9 fire elementals
  The ghost of nono the Chopper, an amateur DDBe of Trog (D:3)
  3 fire bats
  Grum (D:7)
  4 basilisks
  3 wyverns
  A human (shapeshifter) (Depths:2)
  A basilisk (shapeshifter) (Depths:3)
  3 chaos spawn
  4 neqoxecs
  A steam dragon (Lair:8)
  20 hippogriffs
  A hippogriff (shapeshifter) (Depths:3)
  A golden eye (shapeshifter) (Depths:5)
  A black mamba skeleton (Crypt:2)
  5 hungry ghosts
  31 vampire mosquitoes
  6 wargs
  2 nagas (Depths:5)
  A spriggan simulacrum (Depths:1)
  16 insubstantial wisps (Depths:3)
  Menkaure (D:4)
  3 mottled dragons
  A water moccasin (shapeshifter) (Depths:1)
  18 water moccasins
  2 spatial vortices (Abyss:1)
  Edmund (D:6)
  A soldier ant (D:15)
  19 hell hounds
  12 porcupines
  2 spiny frog zombies
  A merfolk skeleton (Crypt:3)
  A giant eyeball (Depths:5)
  34 orc warriors
  An elephant zombie (Crypt:1)
  4 phantoms
  5 sky beasts
  4 slaves (D:8)
  28 ice beasts
  13 small abominations
  A swamp drake (shapeshifter) (Vaults:1)
  2 black bears
  An ogre (shapeshifter) (Abyss:3)
  4 swamp drakes (Lair:8)
  A necrophage (D:10)
  4 wasps
  3 eyes of draining
  36 ogres
  4 boggarts (Vaults:2)
  An eye of draining (shapeshifter) (Depths:4)
  15 wolves
  15 centaurs
  16 crocodiles
  A big kobold (shapeshifter) (Vaults:3)
  A fire crab zombie (Crypt:1)
  3 big kobolds
  19 giant frogs
  8 gnoll sergeants (Bailey)
  Blork the orc (D:4)
  A wyvern zombie (D:9)
  A water moccasin zombie (D:7)
  A polar bear zombie (Crypt:2)
  6 scorpions
  45 killer bees
  2 wights
  5 electric eels
  5 crimson imps
  4 howler monkeys
  8 lava snakes
  A wolf zombie (Crypt:2)
  3 centaur zombies
  2 giant frog zombies
  12 hounds
  7 jellies
  7 quasits
  21 orc priests
  5 giant frog skeletons
  2 iron imps (Abyss:1)
  4 centaur skeletons
  8 gnoll shamans
  A human skeleton (Crypt:3)
  14 iguanas
  A porcupine zombie (Crypt:2)
  29 orc wizards
  5 hell rats (Lair:3)
  10 worker ants
  23 sheep
  3 hound skeletons
  A howler monkey zombie (D:8)
  50 gnolls
  15 adders
  31 river rats
  10 shadow imps
  A white imp (Abyss:1)
  An ufetubus (Abyss:3)
  3 oozes (Abyss:3)
  7 worms
  3 dart slugs
  8 giant geckos
  72 orcs
  8 bats
  A bat zombie (Crypt:1)
  9 giant cockroaches
  10 goblins
  11 hobgoblins
  35 jackals
  23 kobolds
  6 quokkas
  5 giant newts
  A jackal skeleton (Crypt:2)
  A jackal zombie (D:5)
  A kobold zombie (Crypt:3)
  A quokka skeleton (D:4)
  A quokka zombie (D:5)
  12 rats
  A butterfly (Lair:1)
  3 crawling corpses
  3 fire vortices
  A fungus (Lair:7)
  A lost soul (Crypt:3)
  7 starspawn tentacles
2988 creatures vanquished.

Vanquished Creatures (others)
  2 deep elf master archers
  A tengu reaver (Vaults:5)
  A fire giant (Vaults:2)
  A very ugly thing (Abyss:3)
  A stone giant (Depths:1)
  3 merfolk javelineers (Shoals:4)
  A deep elf high priest (Vaults:5)
  A yaktaur captain (Vaults:5)
  A centaur warrior (Vaults:3)
  A merfolk aquamancer (Shoals:2)
  A satyr (Shoals:3)
  2 deep elf archers
  A deep elf mage (Vaults:1)
  2 moths of wrath (Zot:5)
  A salamander (Vaults:4)
  A faun (Shoals:3)
  A black mamba (Lair:8)
  A smoke demon (Abyss:3)
  4 yaktaurs
  A slime creature (Vaults:2)
  A water elemental (Elf:2)
  A redback (Spider:3)
  A tarantella (Spider:1)
  A chaos spawn (Abyss:3)
  A vampire mosquito (Vaults:3)
  An orc warrior (Vaults:1)
  4 centaurs
  A small abomination (Abyss:1)
  A quasit (Abyss:3)
  2 orc wizards
  A white imp (Abyss:1)
  14 ball lightnings (Depths:3)
  An orc (Vaults:4)
  8 bushes (Shoals:2)
  2 crawling corpses
  2 fire vortices
  58 fungi
  5 lost souls
  2 lurking horrors (Abyss:3)
  A pillar of salt (Crypt:2)
  27 plants
  16 starspawn tentacles
  150 starspawn tentacle segments
  11 tentacles (Shoals:1)
  144 tentacle segments (Shoals:1)
  11 toadstools (Lair:5)
495 creatures vanquished.

Grand Total: 3483 creatures vanquished

Notes
Turn   | Place    | Note
--------------------------------------------------------------
     0 | D:1      | Moloch the Draconian Fighter began the quest for the Orb.
     0 | D:1      | Reached XP level 1. HP: 19/19 MP: 1/1
   115 | D:1      | Reached XP level 2. HP: 13/26 MP: 2/2
   303 | D:1      | Reached skill level 3 in Unarmed Combat
   737 | D:1      | Reached XP level 3. HP: 29/31 MP: 3/3
  1255 | D:2      | Reached skill level 4 in Unarmed Combat
  1286 | D:2      | Found a faded altar to an unknown god.
  1515 | D:2      | Found a shadowy altar of Dithmenos.
  1527 | D:2      | Reached XP level 4. HP: 29/38 MP: 4/4
  1887 | D:3      | Noticed nono's ghost (amateur DDBe)
  1968 | D:3      | Reached skill level 5 in Unarmed Combat
  2085 | D:3      | Reached XP level 5. HP: 42/45 MP: 5/5
  2254 | D:3      | Killed nono's ghost
  2254 | D:3      | Reached skill level 6 in Unarmed Combat
  2254 | D:3      | Reached XP level 6. HP: 28/51 MP: 6/6
  2938 | D:4      | Noticed Blork the orc
  3182 | D:3      | Reached skill level 7 in Unarmed Combat
  3286 | D:4      | Killed Blork the orc
  3286 | D:4      | Your scales start taking on a fiery red colour.
  3286 | D:4      | Reached XP level 7. HP: 48/57 MP: 7/7
  3286 | D:4      | Gained mutation: Your flesh is heat resistant. [Red Draconian growth]
  3405 | D:4      | Reached skill level 8 in Unarmed Combat
  3475 | D:4      | Noticed Menkaure
  3476 | D:4      | Killed Menkaure
  4027 | D:5      | Entered Level 5 of the Dungeon
  4269 | D:5      | Found a glowing drain.
  4276 | Sewer    | Entered a sewer
  4323 | Sewer    | Reached skill level 9 in Unarmed Combat
  4482 | D:5      | Found a basalt altar of Yredelemnul.
  4822 | D:5      | Reached XP level 8. HP: 62/63 MP: 8/8
  4945 | D:5      | Found a staircase to the Ecumenical Temple.
  5118 | Temple   | Entered the Ecumenical Temple
  5125 | Temple   | Became a worshipper of Ru the Awakened
  5166 | D:6      | Noticed Edmund
  5190 | D:6      | Killed Edmund
  5190 | D:6      | Reached skill level 10 in Unarmed Combat
  5231 | D:6      | Found a deep blue altar of Sif Muna.
  5318 | D:6      | Found a white marble altar of Elyvilon.
  5416 | D:6      | Found a basalt altar of Yredelemnul.
  5929 | D:6      | Reached skill level 11 in Unarmed Combat
  6700 | Temple   | Fell from the grace of Ru
  6716 | Temple   | Became a worshipper of Warmaster Okawaru
  6858 | D:6      | Reached XP level 9. HP: 62/70 MP: 9/9
  7159 | D:7      | Found a bloodstained altar of Trog.
  7163 | D:7      | Found a snail-covered altar of Cheibriados.
  7403 | D:7      | Reached * piety under Okawaru
  7403 | D:7      | Reached skill level 12 in Unarmed Combat
  7720 | D:7      | Reached skill level 5 in Fighting
  7720 | D:7      | Reached skill level 13 in Unarmed Combat
  7751 | D:7      | Found a blossoming altar of Fedhas.
  8088 | D:7      | Gained mutation: You are agile. (Dex +2) [mutagenic meat]
  8100 | D:8      | Noticed Grum
  8108 | D:7      | Killed Grum
  8132 | D:7      | Reached ** piety under Okawaru
  8405 | D:8      | Reached XP level 10. HP: 82/82 MP: 10/10
  8506 | D:8      | Noticed Prince Ribbit
  8640 | D:8      | Killed Prince Ribbit
  8690 | D:8      | Reached *** piety under Okawaru
  9109 | D:8      | Noticed Pikel
  9124 | D:8      | Killed Pikel
  9124 | D:8      | Reached skill level 14 in Unarmed Combat
  9397 | D:8      | Reached **** piety under Okawaru
  9429 | D:8      | Noticed Erica
  9443 | D:8      | Killed Erica
  9842 | D:9      | Noticed skk's ghost (novice DrFi)
 10244 | D:9      | Found a sparkling altar of Nemelex Xobeh.
 11154 | D:8      | Reached XP level 11. HP: 86/95 MP: 11/11
 11507 | D:9      | Found a blossoming altar of Fedhas.
 11733 | D:10     | Entered Level 10 of the Dungeon
 11742 | D:10     | Reached ***** piety under Okawaru
 11742 | D:10     | Reached skill level 15 in Unarmed Combat
 11793 | D:10     | Gained mutation: You can translocate small distances at will. [mutagenic meat]
 11794 | D:10     | Gained mutation: You have a pair of small antennae on your head. [mutagenic meat]
 11796 | D:10     | Gained mutation: Your large and strong wings let you fly indefinitely. [mutagenic meat]
 11797 | D:10     | Lost mutation: You are agile. (Dex +2) [mutagenic meat]
 11798 | D:10     | Gained mutation: You are frail (-10% HP). [mutagenic meat]
 12398 | D:10     | Found a staircase to the Lair.
 12444 | D:11     | Killed an unseen horror
 12531 | D:11     | Noticed a purple ugly thing
 12541 | D:11     | Killed a purple ugly thing
 12560 | D:11     | Noticed simok's ghost (journeyman DDWn)
 12573 | D:11     | Killed simok's ghost
 13241 | D:11     | Reached skill level 10 in Fighting
 13253 | D:11     | Gained mutation: Your magical capacity is low (-10% MP). [mutagenic meat]
 13254 | D:11     | Gained mutation: You are agile. (Dex +2) [mutagenic meat]
 13255 | D:11     | Gained mutation: Your skin changes colour to match your surroundings (Stealth). [mutagenic meat]
 13443 | D:12     | Found a staircase to the Orcish Mines.
 13607 | D:12     | Noticed a hill giant
 13663 | D:12     | Killed a hill giant
 13663 | D:12     | Received a gift from Okawaru
 13663 | D:12     | Reached skill level 16 in Unarmed Combat
 13701 | D:12     | Noticed a hill giant
 13723 | D:12     | Killed a hill giant
 13941 | D:12     | Reached XP level 12. HP: 46/97 MP: 10/10
 14625 | D:12     | Reached ****** piety under Okawaru
 14773 | Orc:1    | Entered Level 1 of the Orcish Mines
 14786 | Orc:1    | Paralysed by an orc sorcerer for 2 turns
 14918 | Orc:2    | Entered Level 2 of the Orcish Mines
 14938 | Orc:2    | Found Welerret's Book Shoppe.
 14938 | Orc:2    | Noticed an orc warlord
 14938 | Orc:2    | Noticed an orc high priest
 14938 | Orc:2    | Noticed an orc high priest
 15011 | Orc:2    | Killed an orc high priest
 15049 | Orc:2    | Found Zeugger's Book Shop.
 15050 | Orc:2    | Noticed an ogre mage
 15064 | Orc:2    | Noticed an ogre mage
 15069 | Orc:2    | Killed an ogre mage
 15078 | Orc:2    | Noticed an orc high priest
 15207 | Orc:1    | Received a gift from Okawaru
 15304 | Lair:1   | Entered Level 1 of the Lair of Beasts
 15471 | Lair:1   | Reached skill level 5 in Dodging
 16377 | Lair:2   | Noticed a five-headed hydra
 16419 | Lair:2   | Killed a five-headed hydra
 16419 | Lair:2   | Reached skill level 5 in Shields
 16667 | Lair:2   | Noticed a four-headed hydra
 16711 | Lair:2   | Killed a four-headed hydra
 16711 | Lair:2   | Received a gift from Okawaru
 17430 | Lair:2   | Reached XP level 13. HP: 104/104 MP: 11/11
 17740 | Lair:3   | Reached skill level 17 in Unarmed Combat
 17757 | Lair:3   | Found a dark tunnel.
 17778 | Volcano  | Entered a volcano
 18112 | Volcano  | Found a bloodstained altar of Trog.
 18477 | Lair:3   | Learned a level 2 spell: Blink
 18479 | Lair:3   | Learned a level 1 spell: Apportation
 19273 | Lair:4   | Found a frozen archway.
 19314 | IceCv    | Entered an ice cave
 19502 | IceCv    | Received a gift from Okawaru
 21930 | Lair:6   | Found a hole to the Spider Nest.
 22017 | Lair:6   | Found a staircase to the Shoals.
 22485 | Lair:6   | Reached XP level 14. HP: 107/113 MP: 12/12
 22606 | Lair:6   | Found a runed door.
 23065 | Lair:7   | Got a glittering jade ring
 23067 | Lair:7   | Identified the ring of Renie {-Tele rF+ Str+6} (You found it on level 7 of the Lair of Beasts)
 23376 | Lair:7   | Received a gift from Okawaru
 23378 | Lair:7   | Reached skill level 10 in Dodging
 24000 | Lair:7   | Noticed Maud
 24382 | Lair:7   | Received a gift from Okawaru
 24435 | Lair:7   | Found a sacrificial altar of Ru.
 24633 | Lair:7   | Identified a scroll of acquirement
 24636 | Lair:7   | Got a pair of bloodstained boots
 24647 | Lair:7   | Identified the +2 pair of boots of the Valley of Death {rPois SInv} (You acquired it on level 7 of the Lair of Beasts)
 24700 | Lair:7   | Killed Maud
 24790 | Lair:8   | Entered Level 8 of the Lair of Beasts
 25513 | Lair:8   | Reached skill level 18 in Unarmed Combat
 26203 | Lair:8   | Got an encrusted longbow
 26205 | Lair:8   | Identified the +8 longbow of Duty {speed, rC+ SInv} (You found it on level 8 of the Lair of Beasts)
 26310 | Lair:8   | Reached XP level 15. HP: 90/120 MP: 13/13
 26334 | Lair:8   | Reached skill level 10 in Shields
 27221 | Lair:8   | Found a viscous altar of Jiyva.
 27222 | Lair:8   | Found a staircase to the Slime Pits.
 27510 | Orc:2    | Received a gift from Okawaru
 27920 | Orc:2    | Killed an orc warlord
 28517 | Orc:2    | Found Tuju's General Store.
 28533 | Orc:2    | Bought a scroll of teleportation for 39 gold pieces
 29442 | Orc:2    | Found Jazy Rofaus's Antique Armour Boutique.
 29494 | Orc:2    | Found a staircase to the Elven Halls.
 29590 | Orc:2    | Found Zeecelir's Antique Weapon Shop.
 29782 | Orc:2    | Bought a runed buckler for 139 gold pieces
 29924 | D:13     | Noticed Frances
 29930 | D:13     | Found Zushritu's Distillery.
 29938 | D:13     | Killed Frances
 30070 | D:13     | Found a flagged portal.
 30091 | Bailey   | Entered a bailey
 30734 | D:13     | Gained mutation: You are very frail (-20% HP). [mutagenic meat]
 30735 | D:13     | Gained mutation: Your flesh is cold resistant. [mutagenic meat]
 30751 | D:13     | Noticed Erolcha
 30764 | D:13     | Killed Erolcha
 31745 | D:14     | Noticed Kirke
 31762 | D:14     | Killed Kirke
 31816 | D:14     | Noticed Snorg
 31830 | D:14     | Killed Snorg
 31830 | D:14     | Received a gift from Okawaru
 31867 | D:14     | Got a fine hat {god gift}
 31898 | D:14     | Gained mutation: You are weak. (Str -2) [a neqoxec]
 31899 | D:15     | Entered Level 15 of the Dungeon
 32038 | D:15     | Identified the +2 hat of the Bagpipe {rF+ Dex+3 SInv} (Okawaru gifted it to you on level 14 of the Dungeon)
 32039 | D:15     | Lost mutation: You are agile. (Dex +2) [potion of mutation]
 32039 | D:15     | Gained mutation: You are resistant to electric shocks. [potion of mutation]
 32074 | D:14     | Found a gate to the Vaults.
 32144 | D:14     | Reached XP level 16. HP: 115/115 MP: 14/14
 32196 | D:14     | Found an oddly glowing altar of Pakellas.
 32763 | D:15     | Noticed Azrael
 32775 | D:15     | Killed Azrael
 33302 | D:15     | Found a staircase to the Depths.
 33485 | Depths:1 | Entered Level 1 of the Depths
 33505 | Depths:1 | Noticed a shadow dragon
 33569 | Depths:1 | Killed a shadow dragon
 34028 | Depths:1 | Learned a level 8 spell: Controlled Blink
 34988 | Depths:1 | Noticed a sphinx
 35144 | Depths:1 | Killed a sphinx
 35144 | Depths:1 | Received a gift from Okawaru
 35763 | Depths:1 | Reached skill level 19 in Unarmed Combat
 36147 | Orc:2    | Bought a book of Battle for 480 gold pieces
 36147 | Orc:2    | Bought a manual of Charms for 1324 gold pieces
 36151 | Orc:2    | Learned a level 3 spell: Regeneration
 36173 | Elf:1    | Entered Level 1 of the Elven Halls
 36184 | Elf:1    | Reached skill level 1 in Stealth
 36184 | Elf:1    | Reached skill level 1 in Charms
 36393 | Elf:1    | Reached skill level 1 in Spellcasting
 37346 | Elf:1    | Received a gift from Okawaru
 37346 | Elf:1    | Reached skill level 5 in Stealth
 37526 | Elf:1    | Reached XP level 17. HP: 120/120 MP: 19/19
 37667 | Elf:1    | Reached skill level 5 in Charms
 38084 | Elf:1    | Noticed Asterion
 38186 | Elf:1    | Killed Asterion
 38533 | Elf:2    | Found a runed gate.
 38543 | Elf:2    | Found a runed gate.
 38544 | Elf:2    | Found a runed gate.
 38601 | Elf:2    | Received a gift from Okawaru
 39724 | Elf:2    | Noticed Aizul
 39914 | Elf:2    | Noticed a deep elf blademaster
 40040 | Elf:2    | Killed Aizul
 40542 | Elf:2    | Killed a deep elf blademaster
 41272 | Elf:2    | Reached skill level 15 in Dodging
 41362 | Elf:3    | Entered Level 3 of the Elven Halls
 42742 | Elf:3    | Reached XP level 18. HP: 128/128 MP: 21/21
 42799 | Elf:3    | Got a clouded jade ring
 42801 | Elf:3    | Identified the ring of Xom's Full Attention {+Fly rF++ rN+} (You took it off a deep elf elementalist on level 3 of the Elven Halls)
 42928 | Elf:3    | Got a jewelled longbow {velocity}
 42935 | Elf:3    | Identified the cursed +3 longbow of Qocot {velocity, Str+4} (You took it off a deep elf archer on level 3 of the Elven Halls)
 43063 | Elf:3    | Got a clouded iron ring
 43065 | Elf:3    | Identified the ring of Seshont {SustAt rPois rF+ Str+6 Dex-5} (You took it off a deep elf mage on level 3 of the Elven Halls)
 43112 | Elf:3    | Noticed an Ice Fiend
 43605 | Elf:3    | Received a gift from Okawaru
 43811 | Elf:3    | Got a translucent tin amulet
 43812 | Elf:3    | Identified the amulet "Nafeman" {Regen+ Int+2} (You took it off a deep elf mage on level 3 of the Elven Halls)
 44376 | Elf:3    | Noticed a Brimstone Fiend
 44463 | Elf:3    | Learned a level 2 spell: Song of Slaying
 44934 | Shoals:1 | Entered Level 1 of the Shoals
 44941 | Shoals:1 | Found Gahec's Antique Weapon Emporium.
 45017 | Shoals:1 | Noticed Louise
 45043 | Shoals:1 | Killed Louise
 45043 | Shoals:1 | Reached skill level 15 in Fighting
 46399 | Shoals:2 | Received a gift from Okawaru
 47778 | Shoals:3 | Received a gift from Okawaru
 48520 | Shoals:4 | Entered Level 4 of the Shoals
 48586 | Shoals:3 | Cast into level 3 of the Abyss (merfolk impaler)
 48798 | Abyss:3  | Found a corrupted altar of Lugonu.
 48866 | Abyss:3  | Reached XP level 19. HP: 133/142 MP: 15/22
 49027 | Abyss:3  | Found a corrupted altar of Lugonu.
 49030 | Abyss:3  | Found a corrupted altar of Lugonu.
 49115 | Shoals:3 | Escaped the Abyss
 49244 | Shoals:4 | Noticed Roxanne
 49297 | Shoals:3 | Received a gift from Okawaru
 49418 | Shoals:4 | Noticed nubinia's ghost (adept GrVM)
 49531 | Shoals:4 | Reached skill level 10 in Stealth
 49829 | Shoals:4 | Noticed Ilsuiw
 49861 | Shoals:3 | Killed Ilsuiw
 49863 | Shoals:3 | Reached skill level 10 in Charms
 50000 | Shoals:4 | Noticed Mara
 50013 | Shoals:4 | Noticed Moloch's illusion
 50037 | Shoals:4 | Killed Mara
 50037 | Shoals:4 | Reached skill level 20 in Unarmed Combat
 50521 | Shoals:4 | Reached skill level 1 in Necromancy
 50970 | Shoals:4 | Received a gift from Okawaru
 50978 | Shoals:4 | Got a pair of brightly glowing boots {god gift}
 50989 | Shoals:4 | Identified the +0 pair of boots of Mud Esu {rElec MR+ Slay+2} (Okawaru gifted it to you on level 4 of the Shoals)
 51739 | Shoals:4 | Killed nubinia's ghost
 51986 | Shoals:4 | Got a barnacled rune of Zot
 52098 | Spider:1 | Entered Level 1 of the Spider Nest
 52205 | Spider:1 | Reached skill level 5 in Spellcasting
 53851 | Spider:2 | Reached XP level 20. HP: 152/152 MP: 17/25
 53963 | Spider:2 | Noticed Arachne
 53991 | Spider:2 | Killed Arachne
 54155 | Spider:2 | Received a gift from Okawaru
 54971 | Spider:4 | Entered Level 4 of the Spider Nest
 55315 | Spider:3 | Gained mutation: You have large cloven feet. [mutagenic meat]
 55317 | Spider:3 | Lost mutation: Your skin changes colour to match your surroundings (Stealth). [mutagenic meat]
 55319 | Spider:3 | Lost mutation: You have a pair of small antennae on your head. [mutagenic meat]
 55443 | Spider:4 | Noticed Donald
 55549 | Spider:3 | Killed Donald
 56199 | Spider:4 | Lost mutation: You are weak. (Str -2) [mutagenic meat]
 56200 | Spider:4 | Lost mutation: Your magical capacity is low (-10% MP). [mutagenic meat]
 56201 | Spider:4 | Lost mutation: You are very frail (-20% HP). [mutagenic meat]
 56203 | Spider:4 | Gained mutation: Your tail ends in a poisonous barb. [mutagenic meat]
 56242 | Spider:4 | Received a gift from Okawaru
 56801 | Spider:4 | Got a gossamer rune of Zot
 56824 | Spider:4 | Lost mutation: You are frail (-10% HP). [mutagenic meat]
 57174 | Orc:2    | Bought a book of Enchantments for 600 gold pieces
 57174 | Orc:2    | Bought a book of the Sky for 780 gold pieces
 57182 | Orc:2    | Learned a level 6 spell: Haste
 57189 | Orc:2    | Learned a level 6 spell: Deflect Missiles
 57609 | Depths:1 | Reached skill level 1 in Translocations
 57723 | Depths:1 | Received a gift from Okawaru
 57791 | Depths:1 | Found a gateway to Hell.
 58414 | Depths:2 | Found a gateway to a ziggurat.
 58872 | Depths:2 | Got a heavily runed pewter amulet
 58873 | Depths:2 | Identified the amulet of Incredulity {Regen+ Int+5} (You found it on level 2 of the Depths)
 59204 | Depths:3 | Reached XP level 21. HP: 204/204 MP: 30/30
 59225 | Depths:3 | Reached skill level 1 in Air Magic
 59403 | Depths:3 | Found a one-way gate leading to the halls of Pandemonium.
 59888 | Depths:3 | Received a gift from Okawaru
 61317 | Depths:3 | Reached skill level 15 in Shields
 61677 | Depths:3 | Received a gift from Okawaru
 62372 | Depths:4 | Received a gift from Okawaru
 62377 | Depths:4 | Noticed Margery
 62380 | Depths:4 | Noticed Mennas
 62420 | Depths:4 | Killed Margery
 62729 | Depths:4 | Found a one-way gate to the infinite horrors of the Abyss.
 62807 | Depths:4 | Received a gift from Okawaru
 62997 | Depths:4 | Killed Mennas
 62997 | Depths:4 | Reached XP level 22. HP: 138/213 MP: 16/34
 63137 | Depths:4 | Reached skill level 5 in Air Magic
 63201 | Depths:4 | Learned a level 5 spell: Silence
 63311 | Depths:4 | Reached skill level 21 in Unarmed Combat
 63507 | Depths:5 | Entered Level 5 of the Depths
 64024 | Depths:5 | Noticed a golden dragon
 64431 | Depths:5 | Found a runed door.
 64438 | Depths:5 | Found a runed door.
 64449 | Depths:5 | Found a runed door.
 64468 | Depths:5 | Found a runed door.
 64527 | Depths:5 | Received a gift from Okawaru
 64528 | Depths:5 | Found a gate to the Realm of Zot.
 64531 | Depths:5 | Found a runed door.
 64593 | Depths:5 | Found a runed door.
 64709 | Depths:5 | Killed a golden dragon
 65004 | Depths:5 | Found Tillidan's Serpentskin Sales.
 65523 | Temple   | Fell from the grace of Okawaru
 65523 | Temple   | Became a worshipper of Zin the Law-Giver
 65523 | Temple   | Reached * piety under Zin
 65523 | Temple   | Reached ** piety under Zin
 65524 | Temple   | Donated 1266 gold pieces to Zin
 65525 | Temple   | Donated 633 gold pieces to Zin
 65526 | Temple   | Donated 316 gold pieces to Zin
 65554 | D:6      | Reached *** piety under Zin
 65650 | D:11     | Reached **** piety under Zin
 65799 | Elf:3    | Reached ***** piety under Zin
 65864 | Elf:3    | Learned a level 9 spell: Tornado
 66168 | Vaults:1 | Entered Level 1 of the Vaults
 66171 | Vaults:1 | Reached skill level 1 in Invocations
 66588 | Vaults:1 | Reached ****** piety under Zin
 66692 | Vaults:1 | Reached XP level 23. HP: 176/221 MP: 28/36
 66701 | Vaults:1 | Reached skill level 10 in Spellcasting
 67099 | Vaults:1 | Reached skill level 5 in Invocations
 69362 | Vaults:2 | Found a staircase to the Crypt.
 69922 | Vaults:3 | Gained mutation: Your body sometimes deteriorates upon taking damage. [mutagenic glow]
 69950 | Vaults:3 | Noticed Jorgrun
 69981 | Vaults:3 | Killed Jorgrun
 70405 | Vaults:3 | HP: 5/221 [frost giant/bolt of cold[the fury of Okawaru] (23)]
 71402 | Depths:4 | Voluntarily entered the Abyss.
 71460 | Abyss:1  | Was forgiven by Okawaru
 71463 | Abyss:1  | Noticed an ancient lich
 71672 | Abyss:1  | Found a corrupted altar of Lugonu.
 72527 | Abyss:1  | Found a radiant altar of Vehumet.
 72716 | Abyss:3  | Found a corrupted altar of Lugonu.
 72728 | Abyss:3  | Found a corrupted altar of Lugonu.
 72954 | Abyss:3  | Reached XP level 24. HP: 213/231 MP: 31/38
 73381 | Abyss:3  | Paralysed by accursed screaming for 1 turns
 73738 | Abyss:3  | Found a sacrificial altar of Ru.
 73773 | Abyss:3  | Found a sacrificial altar of Ru.
 73809 | Abyss:3  | Found a sacrificial altar of Ru.
 73995 | Abyss:3  | Reached skill level 22 in Unarmed Combat
 74080 | Abyss:3  | Got an abyssal rune of Zot
 74133 | Depths:4 | Escaped the Abyss
 74737 | Vaults:3 | Noticed Norris
 74761 | Vaults:3 | Killed Norris
 75352 | Vaults:3 | Found Keschy's Book Shoppe.
 75914 | Vaults:4 | Noticed Xtahua
 75940 | Vaults:4 | Killed Xtahua
 75940 | Vaults:4 | Reached skill level 10 in Invocations
 76117 | Vaults:4 | Noticed Wiglaf
 76150 | Vaults:4 | Killed Wiglaf
 76303 | Vaults:4 | Noticed Boris
 76322 | Vaults:4 | Killed Boris
 76632 | Vaults:4 | Reached XP level 25. HP: 170/236 MP: 34/39
 77421 | Vaults:5 | Entered Level 5 of the Vaults
 77665 | Vaults:4 | Reached skill level 1 in Hexes
 77674 | Vaults:4 | Reached skill level 10 in Air Magic
 77972 | Vaults:4 | Upgraded the game from 0.18-a0-1778-gadce9fa to 0.18-a0-1782-gb76a692
 79385 | Vaults:5 | Noticed Jory
 79419 | Vaults:5 | Killed Jory
 80421 | Vaults:4 | Reached XP level 26. HP: 177/246 MP: 30/41
 80544 | Vaults:5 | Got a silver rune of Zot
 80548 | Vaults:5 | Got a pair of encrusted gloves
 80559 | Vaults:5 | Identified the -6 pair of gloves of Indemnity {rCorr Str+6 Dex-2 SInv} (You found it on level 5 of the Vaults)
 80670 | Vaults:5 | Got an ichor-stained cloak
 80681 | Vaults:5 | Identified the +0 cloak of Jigsaw {Regen+ MP+9 Int+3 Slay-5 SInv} (You found it on level 5 of the Vaults)
 80807 | Vaults:5 | Reached skill level 15 in Spellcasting
 81546 | Vaults:5 | Found Hawouw's General Store.
 81551 | Vaults:5 | Identified the Guide on Moulding and the Traveller
 82149 | Crypt:1  | Entered Level 1 of the Crypt
 83335 | Crypt:2  | Got a shimmering bone ring
 83337 | Crypt:2  | Identified the cursed ring of Idealism {rC++ MR- MP+9 Str+4 Int-3} (You found it on level 2 of the Crypt)
 83550 | Crypt:2  | Found an ancient bone altar of Kikubaaqudgha.
 83705 | Crypt:3  | Entered Level 3 of the Crypt
 84073 | Crypt:3  | Reached skill level 23 in Unarmed Combat
 84362 | Crypt:3  | Found an ancient bone altar of Kikubaaqudgha.
 84364 | Crypt:3  | Noticed an ancient lich
 84381 | Crypt:3  | Killed an ancient lich
 84410 | Crypt:3  | Noticed an ancient lich
 84421 | Crypt:3  | Killed an ancient lich
 84425 | Crypt:3  | Identified the Guide on Benedictions and Weightlessness
 84611 | Crypt:3  | Found a staircase to the Tomb.
 84848 | Crypt:3  | Got a heavily runed granite ring
 84853 | Crypt:3  | Identified the ring of Doonev {*Drain rPois rF+ MP+9 Dex+9} (You found it on level 3 of the Crypt)
 85109 | Crypt:3  | Got a twitching brass ring
 85112 | Crypt:3  | Identified the ring "Kiemajuc" {rF+ rN+ Str+7} (You found it on level 3 of the Crypt)
 85115 | Crypt:3  | Got a crude iron ring
 85117 | Crypt:3  | Identified the ring "Sazifif" {*Confuse rN+ Dex+2 Stlth+} (You found it on level 3 of the Crypt)
 85122 | Crypt:3  | Got a glittering silver ring
 85123 | Crypt:3  | Identified the ring "Lyucsiazu" {rPois rC+ rN+} (You found it on level 3 of the Crypt)
 85874 | Pan      | Entered Pandemonium
 85913 | Pan      | Found an exit through the horrors of the Abyss.
 85939 | Pan      | Reached XP level 27. HP: 182/254 MP: 35/42
 85963 | Pan      | Took an exit into the Abyss.
 85963 | Abyss:1  | Escaped into the Abyss
 85971 | Abyss:1  | Found a corrupted altar of Lugonu.
 86013 | Depths:3 | Escaped the Abyss
 86186 | Zot:1    | Entered Level 1 of the Realm of Zot
 86561 | Zot:4    | Noticed an orb of fire
 86645 | Zot:5    | Entered Level 5 of the Realm of Zot
 86910 | Zot:5    | Noticed an ancient lich
 86926 | Zot:5    | Killed an ancient lich
 87296 | Zot:5    | Noticed an ancient lich
 87309 | Zot:5    | Killed an ancient lich
 87397 | Zot:5    | Noticed an ancient lich
 87456 | Zot:5    | Killed an ancient lich
 87890 | Zot:5    | Reached skill level 24 in Unarmed Combat
 87899 | Zot:5    | Noticed an ancient lich
 87905 | Zot:5    | Killed an ancient lich
 87922 | Zot:5    | Noticed an orb of fire
 87953 | Zot:5    | Killed an orb of fire
 88057 | Zot:5    | Noticed an ancient lich
 88087 | Zot:5    | Killed an ancient lich
 88168 | Zot:5    | Noticed an ancient lich
 88184 | Zot:5    | Killed an ancient lich
 88377 | Zot:5    | Got the Orb of Zot
 88431 | Zot:5    | Gained mutation: You are frail (-10% HP). [mutagenic glow]
 88456 | Zot:5    | Noticed an ancient lich
 88458 | Zot:5    | Noticed an orb of fire
 88771 | D:14     | Noticed Goizuxt the pandemonium lord
 88780 | D:13     | Noticed Meinahej the pandemonium lord
 89043 | D:1      | Lost mutation: Your large and strong wings let you fly indefinitely. [potion of cure mutation]
 89043 | D:1      | Lost mutation: Your tail ends in a poisonous barb. [potion of cure mutation]
 89043 | D:1      | Lost mutation: Your body sometimes deteriorates upon taking damage. [potion of cure mutation]
 89043 | D:1      | Lost mutation: You are frail (-10% HP). [potion of cure mutation]
 89043 | D:1      | Lost mutation: You have large cloven feet. [potion of cure mutation]
 89043 | D:1      | Lost mutation: You can translocate small distances at will. [potion of cure mutation]
 89044 | D:1      | Lost mutation: Your flesh is cold resistant. [potion of cure mutation]
 89044 | D:1      | Lost mutation: You are resistant to electric shocks. [potion of cure mutation]
 89106 | D:$      | Escaped with the Orb!

Vault maps used:
D:1:      dpeg_arrival_radiant, minmay_crystal_room, minmay_misc_feat_x
D:2:      grunt_dithmenos_smoke_and_mirrors, ecumenical_altar_2
D:3:      first_bread
D:4:      uniq_menkaure, uniq_blork_the_orc
D:5:      minmay_temple_entry_enclosed_plants, basic_altar,
          gup_sewer_entry_bubbles
D:6:      lemuel_castle_with_subvaults, kennysheep_ying_yang, led_sif_book,
          uniq_edmund
D:7:      minitemple, overflow_temple_1_default
D:8:      uniq_erica, uniq_pikel, uniq_prince_ribbit1, uniq_grum
D:9:      nemelex_xobeh_ov_fountains_minmay, hangedman_tree_tricks
D:10:     lair_0_dummy
D:12:     erik_rubicon_a, orc_0_dummy
D:13:     serial_shops, nicolae_shop_statue_plus, enter_bailey_3, uniq_frances,
          uniq_erolcha
D:14:     david_vaults_5, roderic_curled_sauvastika, grunt_pakellas_basics,
          uniq_kirke, uniq_snorg
D:15:     hangedman_depths_entry_try_elsewhere_first, serial_bayou_pond_d,
          uniq_azrael
Temple:   nicolae_temple_no_exploring_needed
Lair:1:   lemuel_fruit_fields
Lair:2:   lemuel_fruit_tree, lemuel_fruit_fields
Lair:3:   nicolae_volcano_entry_hallway, small_statue_intersection,
          infiniplex_staircase_pool
Lair:4:   portal_ice_cave_entry_ice_beasts, lemuel_fruit_fields
Lair:5:   gammafunk_lair_enchanted_lake, serial_bayou_pond_c
Lair:6:   minmay_shoals_entry_hut, nicolae_spider_entry_non_spiders,
          pf_torpor_hydra
Lair:7:   basic_altar, uniq_maud
Lair:8:   hangedman_lair_in_review, guppyfry_lair_end_dragon,
          dpeg_slime_entry_enclosed_altar
Shoals:1: serial_shops, shop, uniq_louise
Shoals:2: yaktaur_hedge
Shoals:4: shoals_end_grunt_ice, shoals_ilsuiw_ice,
          nicolae_shoals_isolated_beach, uniq_roxanne, uniq_ilsuiw, uniq_mara
Spider:2: uniq_arachne
Spider:4: grunt_spider_rune_parallel, uniq_donald
Orc:2:    grunt_orc_gardens, grunt_orc_garden, grunt_orc_garden,
          grunt_orc_garden, grunt_orc_garden, guppyfry_orc_lava_fort
Elf:1:    hangedman_elf_represent, uniq_asterion
Elf:2:    nicolae_elf_w_pinch, basic_stair_grate_trap, uniq_aizul
Elf:3:    elf_hall_gauntlet_narrow
Vaults:1: vaults_dpeg_hooks, vaults_room_stairs_pillars, vaults_room_door_hall,
          nicolae_vaults_what_the_h, nicolae_vaults_know_your_exits, v_rooms_2,
          vaults_standard_mumra_enter_the_diamond, serial_ice_b,
          grunt_vaults_swirl, v_misc_3, nicolae_vaults_little_squares_4,
          vaults_dpeg_doors, ontoclasm_vaults_loading_screen,
          nicolae_vaults_little_squares_1
Vaults:2: v_rooms_6, v_misc_10, nicolae_vaults_shelves_hall,
          ontoclasm_vaults_claustrophobia, vaults_room_fancy_cross,
          hangedman_vaults_slither, v_misc_3, v_misc_8,
          nicolae_vaults_diagonal_hallway_8, vaults_room_pool, v_rooms_3,
          nicolae_vaults_ring_of_whatevers
Vaults:3: nicolae_vaults_branching_niches, vaults_mumra_chevron,
          nicolae_vaults_windows_and_doors_thing, ontoclasm_vaults_spin,
          nicolae_vaults_little_squares_3, v_misc_14, vaults_mumra_minichess,
          hangedman_vaults_locks, vaults_room_stairs_pillars,
          nicolae_vaults_yaktaur_gun_rack, dpeg_vaults_monster_box,
          ontoclasm_vaults_twist, vaults_dpeg_cross, serial_shops,
          nicolae_shop_trees, uniq_jorgrun, uniq_norris
Vaults:4: nicolae_vaults_alarming, ontoclasm_vaults_pinch,
          ontoclasm_vaults_loading_screen, v_misc_29, vaults_dpeg_ring,
          v_alt_pattern_2, ontoclasm_vaults_eye, uniq_boris, uniq_wiglaf,
          uniq_xtahua
Vaults:5: uniq_jory
Crypt:1:  grunt_crypt_arrival_webbed
Crypt:2:  weyrava_vampire_temple
Crypt:3:  quadcrypt_mu
Depths:1: hangedman_abyss_or_decor_clamps, hellmouth_1, nicolae_water_bricks,
          kennysheep_two_boxes, serial_bayou_shore_a
Depths:2: lemuel_flame_loot_2, enter_ziggurat_c, grunt_hell_entry_dis_grunt,
          serial_bayou_lagoon_a, minmay_staircase_windowed_small
Depths:3: grunt_deathspiral_small, grunt_hell_horde, pan_entry,
          minmay_misc_feat_plants, aerie_lemuel, basic_stair_grate_trap,
          minmay_staircase_statues, serial_bayou_shore_b
Depths:4: nooodl_glass_maze, hell_entry, abyss_entry_small_statue_room,
          uniq_mennas, uniq_margery
Depths:5: evilmike_zot_entry_castle, hell_entry, guppyfry_shop_venom
Zot:1:    nicolae_moth_party
Zot:4:    grunt_megastairs_4
Abyss:2:  evilmike_abyss_exit_mutagenic
Abyss:3:  due_abyss_rune, eino_small_chamber_without_monster,
          hangedman_abyss_theft, hangedman_decor_riveting
Pan:      lemuel_hellion_island, evilmike_mini_pan_corridor,
          pan_blood_fountain_small
Sewer:    sewer_big_baddie
Bailey:   bailey_polearm_gnolls_kennysheep, bailey
IceCv:    ice_cave_small_dragons
Volcano:  volcano_grotto

Skill      XL: |  1  2  3  4  5  6  7  8  9 10 11 12 13 14 15 16 17 18 19 20 21 22 23 24 25 26 27 |
---------------+----------------------------------------------------------------------------------+-----
Unarmed Combat | 3 4 5 6 7 9 11 13 14 16 17 18 19 20 21 22 23 24 | 24.4
Fighting       | 5 8 10 11 12 13 14 17 19 21 22 23 | 23.7
Dodging        | 6 9 11 13 14 15 16 17 18 19 20 | 20.7
Shields        | 5 7 9 11 12 13 14 15 16 | 16.0
Stealth        | 5 6 9 10 11 13 | 13.9
Charms         | 4 5 8 10 11 12 | 12.8
Spellcasting   | 3 5 6 8 9 11 12 14 15 | 15.5
Necromancy     | 3 |  3.8
Translocations | 4 |  4.0
Air Magic      | 4 7 8 9 11 12 | 12.2
Invocations    | 3 8 10 12 14 | 14.6
Hexes          | 4 |  4.5

Action                   |  1- 3 |  4- 6 |  7- 9 | 10-12 | 13-15 | 16-18 | 19-21 | 22-24 | 25-27 || total
-------------------------+-------+-------+-------+-------+-------+-------+-------+-------+-------++-------
Melee: Unarmed           |   166 |   212 |   414 |   710 |  1686 |  1663 |  2865 |  3464 |  2790 || 13970
       Tailslap          |    18 |    24 |    60 |   117 |   324 |   350 |   631 |   867 |   755 ||  3146
Throw: Javelin           |       |       |       |     1 |       |       |       |     1 |       ||     2
 Cast: Regeneration      |       |       |       |       |       |     7 |   123 |    24 |       ||   154
       Haste             |       |       |       |       |       |       |     5 |    26 |    29 ||    60
       Blink             |       |       |       |       |       |       |     1 |     9 |     1 ||    11
       Song of Slaying   |       |       |       |       |       |       |     1 |     5 |     3 ||     9
       Deflect Missiles  |       |       |       |       |       |       |       |     2 |     7 ||     9
       Silence           |       |       |       |       |       |       |       |       |     4 ||     4
Invok: Renounce Religion |       |       |     1 |       |       |       |       |       |       ||     1
       Heroism           |       |       |       |       |    20 |    23 |    14 |       |       ||    57
       Finesse           |       |       |       |       |       |     1 |     1 |       |       ||     2
       Donate Gold       |       |       |       |       |       |       |       |     3 |       ||     3
       Recite            |       |       |       |       |       |       |       |    19 |    20 ||    39
       Vitalisation      |       |       |       |       |       |       |       |     4 |     8 ||    12
 Abil: Breathe Fire      |       |       |    27 |    50 |    18 |    47 |    33 |       |       ||   175
       Fly               |       |       |       |     2 |     3 |       |     1 |     3 |     1 ||    10
       Stop Flying       |       |       |       |     1 |     3 |       |     1 |     3 |     1 ||     9
Evoke: Wand              |       |     2 |     1 |       |       |       |       |     1 |       ||     4
  Use: Scroll            |       |       |     9 |     7 |    15 |    17 |    10 |     3 |    11 ||    72
       Potion            |       |       |       |       |     1 |     3 |     4 |    11 |    10 ||    29
 Stab: Sleeping          |     1 |       |       |     8 |    15 |    16 |     9 |    13 |    20 ||    82
       Distracted        |       |       |       |       |     5 |     3 |     8 |    10 |    14 ||    40
       Petrifying        |       |       |       |       |     2 |       |       |       |       ||     2
       Petrified         |       |       |       |       |     1 |       |       |       |       ||     1
       Confused          |       |       |       |       |       |       |       |     6 |    17 ||    23
       Paralysed         |       |       |       |       |       |       |       |     2 |       ||     2
  Eat: Chunk             |     2 |     5 |    24 |    53 |    56 |    56 |    66 |    22 |     2 ||   286
       Pizza             |       |       |       |     3 |     1 |     3 |     1 |     2 |       ||    10
       Beef jerky        |       |       |       |       |       |     2 |     6 |     1 |       ||     9
       Fruit             |       |       |       |       |       |       |    10 |    51 |     9 ||    70
       Royal jelly       |       |       |       |       |       |       |     1 |       |    21 ||    22
       Bread ration      |       |       |       |       |       |       |       |       |     3 ||     3
Armor: Skin              |    34 |    55 |    68 |   154 |   243 |   203 |   358 |   289 |   305 ||  1709
Dodge: Dodged            |    74 |    89 |   137 |   237 |   747 |   786 |  1529 |  1608 |  1335 ||  6542
       Deflected         |       |       |       |       |       |       |       |    21 |    38 ||    59
Block: Shield            |    58 |   103 |   193 |   301 |   831 |   791 |  1307 |  1547 |  1309 ||  6440
       Large shield      |       |       |       |       |       |    25 |       |       |       ||    25
       Reflection        |       |       |       |       |       |    54 |    48 |    94 |    60 ||   256
